 Dungeon Crawl Stone Soup version 0.22-a0-252-gcace5d2 (webtiles) character file.

4628 mhoghedin the Protected (level 10, -8/76 HPs)
             Began as a Gnoll Wanderer on Mar 2, 2018.
             Was an Elder of Okawaru.
             Mangled by a two-headed ogre
             ... wielding a +0 giant club
              (12 damage)
             ... on level 9 of the Dungeon.
             The game lasted 00:20:47 (9480 turns).

mhoghedin the Protected (Gnoll Wanderer)            Turns: 9480, Time: 00:20:48

Health: -8/76      AC: 22    Str: 18      XL:     10   Next: 42%
Magic:  15/17      EV: 11    Int: 19      God:    Okawaru [****..]
Gold:   643        SH:  0    Dex: 13 (14) Spells: 19/19 levels left

rFire    . . .     SeeInvis .   b - +0 dire flail (elec)
rCold    . . .     Gourm    .   (shield currently unavailable)
rNeg     . . .     Faith    .   s - +0 plate armour
rPois    .         Spirit   .   (no helmet)
rElec    .         Reflect  .   r - +2 cloak
rCorr    .         Harm     .   (no gloves)
MR       .....                  h - +1 pair of boots
Stlth    ..........             (no amulet)
HPRegen  0.22/turn              g - +4 ring of intelligence
MPRegen  0.15/turn              (no ring)

@: heroism
A: distributed training, fangs 1, strong nose
a: Heroism, Renounce Religion


You were on level 9 of the Dungeon.
You worshipped Okawaru.
Okawaru was greatly pleased with you.
You were hungry.

You visited 1 branch of the dungeon, and saw 9 of its levels.

You collected 643 gold pieces.

Inventory:

Hand Weapons
 a - a +4 hunting sling
   (You found it on level 2 of the Dungeon)
 b - a +0 dire flail of electrocution (weapon)
   (You took it off an orc warrior on level 6 of the Dungeon)
Missiles
 e - 6 poisoned tomahawks (quivered)
 n - 24 sling bullets
 A - a throwing net {=f, !d}
Armour
 h - a +1 pair of boots (worn)
   (You found it on level 1 of the Dungeon)
 r - a +2 cloak (worn)
   (You found it on level 2 of the Dungeon)
 s - a +0 plate armour (worn)
   (You took it off an orc on level 8 of the Dungeon)
Jewellery
 g - a +4 ring of intelligence (left hand)
   (You found it on level 2 of the Dungeon)
Wands
 l - a wand of iceblast (11)
   (You took it off Pikel on level 7 of the Dungeon)
 y - a wand of enslavement (3)
   (You found it on level 4 of the Dungeon)
 B - a wand of flame (18)
   (You found it on level 8 of the Dungeon)
Scrolls
 c - a scroll of identify
 d - 3 scrolls of fog
 i - 5 scrolls of teleportation
 m - 2 scrolls of magic mapping {!r}
 t - a scroll of amnesia
 u - 4 scrolls of remove curse
Potions
 j - a potion of resistance
 k - 2 potions of heal wounds {unknown}
 o - a potion of haste
 q - a potion of magic {unknown}
 v - 2 potions of invisibility
 w - a potion of flight
 x - a potion of mutation {!q}
 z - a potion of brilliance
 C - 3 potions of curing
 D - a potion of might
Comestibles
 f - 14 rations


   Skills:
 + Level 5.8(10.8) Fighting
 + Level 5.2(10.2) Short Blades
 + Level 5.2(10.2) Long Blades
 + Level 5.2(10.2) Axes
 + Level 5.8(10.8) Maces & Flails
 + Level 5.2(10.2) Polearms
 + Level 5.2(10.2) Staves
 + Level 5.2(10.2) Slings
 + Level 5.2(10.2) Bows
 + Level 5.2(10.2) Crossbows
 + Level 5.8(10.8) Throwing
 + Level 8.4(13.4) Armour
 + Level 7.0(12.0) Dodging
 + Level 5.7(10.7) Stealth
 + Level 5.8(10.8) Shields
 + Level 5.2(10.2) Unarmed Combat
 + Level 5.2 Spellcasting
 + Level 4.2 Conjurations
 + Level 4.2 Hexes
 + Level 4.2 Charms
 + Level 4.2 Summonings
 + Level 4.2 Necromancy
 + Level 4.2 Translocations
 + Level 4.2 Transmutations
 + Level 4.2 Fire Magic
 + Level 4.2 Ice Magic
 + Level 4.2 Air Magic
 + Level 4.2 Earth Magic
 + Level 4.2 Poison Magic
 + Level 5.7 Invocations
 + Level 5.2 Evocations


You had 19 spell levels left.
You didn't know any spells.

Dungeon Overview and Level Annotations

Branches:
Dungeon (9/15)             Temple (0/1) D:7
   Lair: D:8-11         Orc: D:9-12

Altars:
Ashenzari
Fedhas
Nemelex Xobeh
Okawaru
Ru


Innate Abilities, Weirdness & Mutations

Your experience applies equally to all skills.
You have very sharp teeth.
Your uncanny sense of smell can sniff out nearby items.


Message History

The centaur hits the bush!
Firing (i - inventory. (/) - cycle)
n - 36 sling bullets (quivered)
Aim: a centaur (moderately wounded)
You shoot a sling bullet. The sling bullet hits the centaur.
The centaur wields an uncursed shortbow.
The centaur shoots an arrow.
The arrow hits you but does no damage.
Firing (i - inventory. (/) - cycle)
n - 35 sling bullets (quivered)
Aim: a centaur, wielding a shortbow (heavily wounded)
You shoot a sling bullet.
The sling bullet closely misses the centaur.
The centaur unwields an uncursed shortbow.
The centaur hits the bush.
The centaur wields an uncursed shortbow.
The centaur shoots an arrow.
The arrow hits you.
Firing (i - inventory. (/) - cycle)
n - 34 sling bullets (quivered)
Aim: a centaur, wielding a shortbow (heavily wounded)
You shoot a sling bullet. The sling bullet hits the centaur!
The centaur shoots an arrow.
The arrow barely misses you.
Firing (i - inventory. (/) - cycle)
n - 33 sling bullets (quivered)
Aim: a centaur, wielding a shortbow (almost dead)
You shoot a sling bullet. The sling bullet hits the centaur!
You kill the centaur!
Okawaru accepts your kill. Something appears at your feet!
Okawaru grants you ammunition!
You take 1 damage, and have 65/76 hp.
No target in view!
Things that are here:
6 needles of confusion; 4 arrows
Found a stone staircase leading down.
You regained 3 hp, and now have 68/76 hp.
Search for what [Enter for "plate", or ? for help]? blowgun Can't find anything matching that.
There is a stone staircase leading down here.
You now have 643 gold pieces (gained 17).
A two-headed ogre comes into view. It is wielding two giant clubs.
The two-headed ogre shouts in stereo!
You regained 2 hp, and now have 71/76 hp.
A two-headed ogre is nearby!
Firing (i - inventory. (/) - cycle)
n - 32 sling bullets (quivered)
Aim: a two-headed ogre, wielding two giant clubs You shoot a sling bullet.
The sling bullet closely misses the two-headed ogre.
No target in view!
No target in view!
Firing (i - inventory. (/) - cycle)
n - 31 sling bullets (quivered)
Aim: a two-headed ogre, wielding two giant clubs You shoot a sling bullet.
The sling bullet hits the two-headed ogre!
Firing (i - inventory. (/) - cycle)
n - 30 sling bullets (quivered)
Aim: a two-headed ogre, wielding two giant clubs (lightly wounded)
You shoot a sling bullet.
The sling bullet hits the two-headed ogre.
Firing (i - inventory. (/) - cycle)
n - 29 sling bullets (quivered)
Aim: a two-headed ogre, wielding two giant clubs (moderately wounded)
You shoot a sling bullet.
The sling bullet hits the two-headed ogre.
The two-headed ogre hits you but does no damage. x2
Firing (i - inventory. (/) - cycle)
n - 28 sling bullets (quivered)
Aim: a two-headed ogre, wielding two giant clubs (moderately wounded)
You shoot a sling bullet.
The sling bullet hits the two-headed ogre!
Firing (i - inventory. (/) - cycle)
n - 27 sling bullets (quivered)
Aim: a two-headed ogre, wielding two giant clubs (heavily wounded)
You shoot a sling bullet.
The sling bullet closely misses the two-headed ogre.
The two-headed ogre barely misses you.
The two-headed ogre hits you with a giant club!
You take 12 damage, and have 61/76 hp.
Firing (i - inventory. (/) - cycle)
n - 26 sling bullets (quivered)
Aim: a two-headed ogre, wielding two giant clubs (heavily wounded)
You shoot a sling bullet.
The sling bullet closely misses the two-headed ogre.
The two-headed ogre hits you with a giant club.
The two-headed ogre hits you with a giant club!
You take 15 damage, and have 46/76 hp.
Firing (i - inventory. (/) - cycle)
n - 25 sling bullets (quivered)
Aim: a two-headed ogre, wielding two giant clubs (heavily wounded)
You shoot a sling bullet.
The sling bullet hits the two-headed ogre.
Unknown command.
You hear the crackle of electricity.
b - a +0 dire flail of electrocution (weapon)
The two-headed ogre hits you but does no damage.
The two-headed ogre misses you.
You barely miss the two-headed ogre. Your bite misses the two-headed ogre.
The two-headed ogre hits you but does no damage.
The two-headed ogre barely misses you.
You closely miss the two-headed ogre. You hit the two-headed ogre.
The two-headed ogre hits you with a giant club!!
* * * LOW HITPOINT WARNING * * *
The two-headed ogre barely misses you.
You take 26 damage, and have 21/76 hp.
MASSIVE DAMAGE!!
You gain the combat prowess of a mighty hero.
The two-headed ogre hits you with a giant club!!
* * * LOW HITPOINT WARNING * * *
The two-headed ogre hits you with a giant club!
You die...

#....# ##.# #.# #....#
####).# #.# #...>#
#.....###.# #....#
#.##..##..# ####.#
#.##..##.## ##.#
#.#...##.###### #..#
#.#.#...........
#..#####.#.##..########
##....O@....##.##
PPP...#####.###.#
#.$...PP..# ##.###.#
#.#.PP_PP.# #..##..# ..


P.PPP.# ##.###.## ## PPPP..# #..# #.# ......###.## #.# #....#.# #.#
####.(.####.# You could see a two-headed ogre.

Vanquished Creatures
  Pikel (D:7)
  The ghost of NormalPerson7 the Basher, a novice DsCK of Xom (D:6)
  A spriggan (D:7)
  5 phantoms
  Duvessa (D:7)
  A sky beast (D:6)
  2 black bears (D:6)
  4 orc warriors
  2 ice beasts
  2 slaves (D:7)
  3 ogres
  2 centaurs
  A big kobold (D:7)
  2 bullfrogs
  Dowan (D:7)
  2 jellies
  A quasit (D:8)
  A bullfrog zombie (D:6)
  6 hounds
  7 orc priests
  2 gnoll shamans (D:5)
  3 iguanas
  6 worker ants
  4 orc wizards
  2 hound skeletons
  A worker ant zombie (D:3)
  24 gnolls (D:5)
  A howler monkey skeleton (D:8)
  10 adders
  3 shadow imps (D:7)
  An adder zombie (D:7)
  An adder skeleton (D:6)
  5 worms
  2 dart slugs (D:1)
  11 leopard geckos
  38 orcs
  2 ball pythons
  2 bats (D:2)
  4 giant cockroaches
  6 goblins
  8 hobgoblins
  29 jackals
  6 quokkas
  5 frilled lizards
  2 jackal skeletons (D:4)
  17 kobolds
  A quokka skeleton (D:5)
  8 rats
250 creatures vanquished.

Vanquished Creatures (collateral kills)
  An orc priest (D:6)
  A gnoll shaman (D:5)
  An orc (D:6)
3 creatures vanquished.

Vanquished Creatures (others)
  An iguana (D:7)
  2 gnolls (D:5)
  A leopard gecko (D:7)
  2 fungi (D:4)
6 creatures vanquished.

Grand Total: 259 creatures vanquished

Notes
Turn   | Place    | Note
-------+----------+-------------------------------------------
     0 | D:1      | mhoghedin the Gnoll Wanderer began the quest for the Orb.
     0 | D:1      | mhoghedin set off with: a +2 leather armour, a +0 ring mail, a potion of lignification {!q}, a +0 club, a ration
     0 | D:1      | Reached XP level 1. HP: 17/17 MP: 1/1
    87 | D:1      | Reached XP level 2. HP: 21/23 MP: 2/2
   514 | D:1      | Reached XP level 3. HP: 14/28 MP: 3/3
  1208 | D:1      | Reached skill level 1 in Invocations
  1640 | D:1      | Reached skill level 1 in Short Blades
  1640 | D:1      | Reached skill level 1 in Long Blades
  1640 | D:1      | Reached skill level 1 in Axes
  1640 | D:1      | Reached skill level 1 in Polearms
  1640 | D:1      | Reached skill level 1 in Staves
  1640 | D:1      | Reached skill level 1 in Slings
  1640 | D:1      | Reached skill level 1 in Bows
  1640 | D:1      | Reached skill level 1 in Crossbows
  1640 | D:1      | Reached skill level 1 in Unarmed Combat
  1640 | D:1      | Reached skill level 1 in Spellcasting
  1640 | D:1      | Reached skill level 1 in Evocations
  1888 | D:1      | Reached XP level 4. HP: 22/34 MP: 5/5
  2509 | D:2      | Reached skill level 1 in Conjurations
  2509 | D:2      | Reached skill level 1 in Hexes
  2509 | D:2      | Reached skill level 1 in Charms
  2509 | D:2      | Reached skill level 1 in Summonings
  2509 | D:2      | Reached skill level 1 in Necromancy
  2509 | D:2      | Reached skill level 1 in Translocations
  2509 | D:2      | Reached skill level 1 in Transmutations
  2509 | D:2      | Reached skill level 1 in Fire Magic
  2509 | D:2      | Reached skill level 1 in Ice Magic
  2509 | D:2      | Reached skill level 1 in Air Magic
  2509 | D:2      | Reached skill level 1 in Earth Magic
  2509 | D:2      | Reached skill level 1 in Poison Magic
  2645 | D:2      | Reached XP level 5. HP: 40/40 MP: 6/6
  2890 | D:3      | Noticed a phantom
  2922 | D:3      | Killed a phantom
  2922 | D:3      | Reached skill level 3 in Fighting
  2922 | D:3      | Reached skill level 3 in Maces & Flails
  2922 | D:3      | Reached skill level 3 in Throwing
  2922 | D:3      | Reached skill level 3 in Shields
  2980 | D:3      | Reached XP level 6. HP: 47/47 MP: 8/8
  3252 | D:3      | Reached skill level 2 in Invocations
  3287 | D:3      | Found a faded altar of an unknown god.
  3287 | D:3      | Found a sparkling altar of Nemelex Xobeh.
  3292 | D:3      | Found a blossoming altar of Fedhas.
  3296 | D:3      | Became a worshipper of Warmaster Okawaru
  3296 | D:3      | Reached * piety under Okawaru
  3299 | D:3      | Found a faded altar of an unknown god.
  3301 | D:3      | Found a shattered altar of Ashenzari.
  3333 | D:3      | Reached skill level 3 in Stealth
  3548 | D:4      | Noticed a phantom
  3563 | D:4      | Killed a phantom
  3563 | D:4      | Reached skill level 2 in Short Blades
  3563 | D:4      | Reached skill level 2 in Long Blades
  3563 | D:4      | Reached skill level 2 in Axes
  3563 | D:4      | Reached skill level 2 in Polearms
  3563 | D:4      | Reached skill level 2 in Staves
  3563 | D:4      | Reached skill level 2 in Slings
  3563 | D:4      | Reached skill level 2 in Bows
  3563 | D:4      | Reached skill level 2 in Crossbows
  3563 | D:4      | Reached skill level 5 in Dodging
  3563 | D:4      | Reached skill level 2 in Unarmed Combat
  3563 | D:4      | Reached skill level 2 in Spellcasting
  3563 | D:4      | Reached skill level 2 in Evocations
  3633 | D:4      | Noticed a phantom
  3657 | D:4      | Killed a phantom
  3657 | D:4      | Reached XP level 7. HP: 32/52 MP: 8/10
  3863 | D:4      | Reached skill level 7 in Armour
  3928 | D:4      | Found a sacrificial altar of Ru.
  4162 | D:4      | Reached ** piety under Okawaru
  4162 | D:4      | Reached skill level 2 in Conjurations
  4162 | D:4      | Reached skill level 2 in Hexes
  4162 | D:4      | Reached skill level 2 in Charms
  4162 | D:4      | Reached skill level 2 in Summonings
  4162 | D:4      | Reached skill level 2 in Necromancy
  4162 | D:4      | Reached skill level 2 in Translocations
  4162 | D:4      | Reached skill level 2 in Transmutations
  4162 | D:4      | Reached skill level 2 in Fire Magic
  4162 | D:4      | Reached skill level 2 in Ice Magic
  4162 | D:4      | Reached skill level 2 in Air Magic
  4162 | D:4      | Reached skill level 2 in Earth Magic
  4162 | D:4      | Reached skill level 2 in Poison Magic
  4299 | D:5      | Entered Level 5 of the Dungeon
  4467 | D:5      | Reached skill level 3 in Invocations
  4624 | D:5      | Reached XP level 8. HP: 60/60 MP: 12/12
  4798 | D:5      | Found a sparkling altar of Nemelex Xobeh.
  5006 | D:5      | Reached skill level 4 in Fighting
  5006 | D:5      | Reached skill level 4 in Maces & Flails
  5006 | D:5      | Reached skill level 4 in Throwing
  5006 | D:5      | Reached skill level 4 in Shields
  5009 | D:5      | Reached skill level 3 in Short Blades
  5009 | D:5      | Reached skill level 3 in Long Blades
  5009 | D:5      | Reached skill level 3 in Axes
  5009 | D:5      | Reached skill level 3 in Polearms
  5009 | D:5      | Reached skill level 3 in Staves
  5009 | D:5      | Reached skill level 3 in Slings
  5009 | D:5      | Reached skill level 3 in Bows
  5009 | D:5      | Reached skill level 3 in Crossbows
  5009 | D:5      | Reached skill level 3 in Unarmed Combat
  5009 | D:5      | Reached skill level 3 in Spellcasting
  5009 | D:5      | Reached skill level 3 in Evocations
  5150 | D:5      | HP: 3/60 [ogre/giant spiked club (27)]
  5806 | D:5      | Reached skill level 4 in Stealth
  6164 | D:6      | Reached *** piety under Okawaru
  6267 | D:6      | Noticed NormalPerson7's ghost (novice DsCK)
  6726 | D:6      | Reached skill level 3 in Conjurations
  6726 | D:6      | Reached skill level 3 in Hexes
  6726 | D:6      | Reached skill level 3 in Charms
  6726 | D:6      | Reached skill level 3 in Summonings
  6726 | D:6      | Reached skill level 3 in Necromancy
  6726 | D:6      | Reached skill level 3 in Translocations
  6726 | D:6      | Reached skill level 3 in Transmutations
  6726 | D:6      | Reached skill level 3 in Fire Magic
  6726 | D:6      | Reached skill level 3 in Ice Magic
  6726 | D:6      | Reached skill level 3 in Air Magic
  6726 | D:6      | Reached skill level 3 in Earth Magic
  6726 | D:6      | Reached skill level 3 in Poison Magic
  6726 | D:6      | Reached skill level 4 in Invocations
  6818 | D:6      | Reached skill level 6 in Dodging
  6818 | D:6      | Reached XP level 9. HP: 59/66 MP: 14/14
  7119 | D:6      | Reached skill level 4 in Short Blades
  7119 | D:6      | Reached skill level 4 in Long Blades
  7119 | D:6      | Reached skill level 4 in Axes
  7119 | D:6      | Reached skill level 4 in Polearms
  7119 | D:6      | Reached skill level 4 in Staves
  7119 | D:6      | Reached skill level 4 in Slings
  7119 | D:6      | Reached skill level 4 in Bows
  7119 | D:6      | Reached skill level 4 in Crossbows
  7119 | D:6      | Reached skill level 4 in Unarmed Combat
  7119 | D:6      | Reached skill level 4 in Spellcasting
  7119 | D:6      | Reached skill level 4 in Evocations
  7371 | D:6      | Killed NormalPerson7's ghost
  7371 | D:6      | Reached **** piety under Okawaru
  7371 | D:6      | Reached skill level 5 in Fighting
  7371 | D:6      | Reached skill level 5 in Maces & Flails
  7371 | D:6      | Reached skill level 5 in Throwing
  7371 | D:6      | Reached skill level 5 in Shields
  7495 | D:7      | Noticed Duvessa
  7495 | D:7      | Noticed Dowan
  7517 | D:7      | Killed Duvessa
  7517 | D:7      | Reached skill level 5 in Stealth
  7529 | D:7      | Killed Dowan
  7613 | D:7      | Noticed Pikel
  7626 | D:7      | Received a gift from Okawaru
  7626 | D:7      | Reached skill level 8 in Armour
  7637 | D:7      | Killed Pikel
  7637 | D:7      | Received a gift from Okawaru
  7637 | D:7      | Reached skill level 5 in Invocations
  7787 | D:7      | Reached XP level 10. HP: 68/74 MP: 17/17
  7805 | D:7      | Reached skill level 4 in Conjurations
  7805 | D:7      | Reached skill level 4 in Hexes
  7805 | D:7      | Reached skill level 4 in Charms
  7805 | D:7      | Reached skill level 4 in Summonings
  7805 | D:7      | Reached skill level 4 in Necromancy
  7805 | D:7      | Reached skill level 4 in Translocations
  7805 | D:7      | Reached skill level 4 in Transmutations
  7805 | D:7      | Reached skill level 4 in Fire Magic
  7805 | D:7      | Reached skill level 4 in Ice Magic
  7805 | D:7      | Reached skill level 4 in Air Magic
  7805 | D:7      | Reached skill level 4 in Earth Magic
  7805 | D:7      | Reached skill level 4 in Poison Magic
  7878 | D:7      | Found a staircase to the Ecumenical Temple.
  8451 | D:8      | Reached skill level 5 in Short Blades
  8451 | D:8      | Reached skill level 5 in Long Blades
  8451 | D:8      | Reached skill level 5 in Axes
  8451 | D:8      | Reached skill level 5 in Polearms
  8451 | D:8      | Reached skill level 5 in Staves
  8451 | D:8      | Reached skill level 5 in Slings
  8451 | D:8      | Reached skill level 5 in Bows
  8451 | D:8      | Reached skill level 5 in Crossbows
  8451 | D:8      | Reached skill level 5 in Unarmed Combat
  8451 | D:8      | Reached skill level 5 in Spellcasting
  8451 | D:8      | Reached skill level 5 in Evocations
  9047 | D:8      | Reached skill level 7 in Dodging
  9410 | D:9      | Found a blossoming altar of Fedhas.
  9421 | D:9      | Received a gift from Okawaru
  9451 | D:9      | Noticed a two-headed ogre
  9480 | D:9      | HP: 4/76 [two-headed ogre/giant club (21)]
  9480 | D:9      | Mangled by a two-headed ogre

Vault maps used:
D:1:      eino_arrival_druids_welcome, serial_co_window_serial,
          co_window_paths_a, co_window_paths_a, co_window_corner_a,
          co_window_paths_b, co_window_corner_a, co_window_of_opportunity_b,
          co_window_2corner, co_window_2corner, co_window_unsneaky_path_c,
          co_window_corner_ca, co_window_corner_b, co_window_4corner_b,
          co_window_paths_e, glass_columns_c, glass_columns_a, glass_columns_b,
          minmay_tall_x
D:2:      kennysheep_generic_room_15
D:3:      chequers_temple_overflow_minitemple
D:4:      nicolae_ru_awakened_eye, serial_aquarium, aquarium_bridge_long_joined,
          aquarium_window_double, aquarium_window_corridor_1, aquarium_view_2b,
          aquarium_view_2d
D:5:      lemuel_castle_with_subvaults, first_ration,
          nemelex_lonely_heart_becter
D:6:      grunt_ministairs_6, hangedman_decor_growths
D:7:      lemuel_temple_firewalk_b, the_bakery, uniq_pikel, uniq_duvessa
D:8:      special_room, patterned_corridor
D:9:      kennysheep_blocky_hall, fedhas_bush_and_centaur_altar,
          uniq_prince_ribbit1

Skill      XL: |  1  2  3  4  5  6  7  8  9 10 |
---------------+-------------------------------+-----
Invocations    | 1 2 3 4 5 |  5.7
Short Blades   | 1 2 3 4 5 |  5.2
Long Blades    | 1 2 3 4 5 |  5.2
Axes           | 1 2 3 4 5 |  5.2
Polearms       | 1 2 3 4 5 |  5.2
Staves         | 1 2 3 4 5 |  5.2
Slings         | 1 2 3 4 5 |  5.2
Bows           | 1 2 3 4 5 |  5.2
Crossbows      | 1 2 3 4 5 |  5.2
Unarmed Combat | 1 2 3 4 5 |  5.2
Spellcasting   | 1 2 3 4 5 |  5.2
Evocations     | 1 2 3 4 5 |  5.2
Conjurations   | 1 2 3 4 |  4.2
Hexes          | 1 2 3 4 |  4.2
Charms         | 1 2 3 4 |  4.2
Summonings     | 1 2 3 4 |  4.2
Necromancy     | 1 2 3 4 |  4.2
Translocations | 1 2 3 4 |  4.2
Transmutations | 1 2 3 4 |  4.2
Fire Magic     | 1 2 3 4 |  4.2
Ice Magic      | 1 2 3 4 |  4.2
Air Magic      | 1 2 3 4 |  4.2
Earth Magic    | 1 2 3 4 |  4.2
Poison Magic   | 1 2 3 4 |  4.2
Fighting       | 3 4 5 |  5.8
Maces & Flails | 3 4 5 |  5.8
Throwing       | 3 4 5 |  5.8
Shields        | 3 4 5 |  5.8
Stealth        | 3 4 5 |  5.7
Dodging        | 5 6 7 |  7.0
Armour         | 7 8 |  8.4

Action                   |  1- 3 |  4- 6 |  7- 9 | 10-12 || total
-------------------------+-------+-------+-------+-------++-------
Melee: Club              |   193 |    56 |       |       ||   249
       Bite              |    20 |     8 |     7 |     4 ||    39
       Punch             |     1 |       |       |       ||     1
       Dire flail        |       |       |   103 |   126 ||   229
 Fire: Hunting sling     |       |   122 |   318 |    88 ||   528
Throw: Tomahawk          |     6 |    17 |    29 |       ||    52
Invok: Heroism           |       |     1 |     5 |     1 ||     7
Evoke: Wand              |       |       |    10 |       ||    10
  Use: Scroll            |     3 |     1 |    14 |     2 ||    20
       Potion            |     1 |       |     2 |       ||     3
 Stab: Sleeping          |     3 |       |     1 |     4 ||     8
       Distracted        |       |       |     1 |     1 ||     2
  Eat: Chunk             |     1 |     4 |     8 |     3 ||    16
       Ration            |     1 |       |     2 |       ||     3
Armor: Leather armour    |    73 |    49 |    67 |    69 ||   258
       Skin              |       |       |     6 |       ||     6
       Plate armour      |       |       |       |    14 ||    14
Dodge: Dodged            |   169 |   117 |   168 |   142 ||   596

Table legend:
 A = Spawn XP
 B = Non-spawn XP
 C = Spawn XP percentage of total XP
 D = Spawn monster count
 E = Non-spawn monster count
 F = Spawn count percentage of total count
 G = Total turns spent on level
                    A         B        C        D         E        F      G
               +---------+---------+-------+---------+---------+-------+---------
         Total |       0 |    6612 |   0.0 |       0 |     252 |   0.0 |  9480
               +---------+---------+-------+---------+---------+-------+---------
           D:1 |       0 |      92 |   0.0 |       0 |      41 |   0.0 |  2155
           D:2 |       0 |      90 |   0.0 |       0 |      24 |   0.0 |   704
           D:3 |       0 |     173 |   0.0 |       0 |       7 |   0.0 |   635
           D:4 |       0 |     530 |   0.0 |       0 |      15 |   0.0 |  1105
           D:5 |       0 |     947 |   0.0 |       0 |      55 |   0.0 |  1488
           D:6 |       0 |    1760 |   0.0 |       0 |      28 |   0.0 |  1399
           D:7 |       0 |    1661 |   0.0 |       0 |      26 |   0.0 |   878
           D:8 |       0 |    1189 |   0.0 |       0 |      46 |   0.0 |   938
           D:9 |       0 |     170 |   0.0 |       0 |      10 |   0.0 |   178
               +---------+---------+-------+---------+---------+-------+---------

Vault maps used:
D:1:      eino_arrival_druids_welcome, serial_co_window_serial,
          co_window_paths_a, co_window_paths_a, co_window_corner_a,
          co_window_paths_b, co_window_corner_a, co_window_of_opportunity_b,
          co_window_2corner, co_window_2corner, co_window_unsneaky_path_c,
          co_window_corner_ca, co_window_corner_b, co_window_4corner_b,
          co_window_paths_e, glass_columns_c, glass_columns_a, glass_columns_b,
          minmay_tall_x
D:2:      kennysheep_generic_room_15
D:3:      chequers_temple_overflow_minitemple
D:4:      nicolae_ru_awakened_eye, serial_aquarium, aquarium_bridge_long_joined,
          aquarium_window_double, aquarium_window_corridor_1, aquarium_view_2b,
          aquarium_view_2d
D:5:      lemuel_castle_with_subvaults, first_ration,
          nemelex_lonely_heart_becter
D:6:      grunt_ministairs_6, hangedman_decor_growths
D:7:      lemuel_temple_firewalk_b, the_bakery, uniq_pikel, uniq_duvessa
D:8:      special_room, patterned_corridor
D:9:      kennysheep_blocky_hall, fedhas_bush_and_centaur_altar,
          uniq_prince_ribbit1

Table legend:
 A = Turns spent in this place as a percentage of turns spent in the entire game.
 B = Non-inter-level travel turns spent in this place as a percentage of non-inter-level travel turns spent in the entire game.
 C = Inter-level travel turns spent in this place as a percentage of turns spent in this place.
 D = Turns resting spent in this place as a percentage of non-inter-level travel turns spent in this place.
 E = Turns spent auto-exploring this place as a percentage of non-inter-level travel turns spent in this place.
 F = Non-inter-level travel turns spent in this place divided by the number of levels of this place that you've seen.
                   A       B       C       D       E      F
               +-------+-------+-------+-------+-------+----------------------
         Total | 100.0 | 100.0 |   4.0 |  19.7 |  56.9 | 1010.9
       Dungeon | 100.0 | 100.0 |   4.0 |  19.7 |  56.9 | 1010.9
               +-------+-------+-------+-------+-------+----------------------

Table legend:
 A = Kills in this place as a percentage of kills in entire the game.
 B = Kills by you in this place as a percentage of kills by you in the entire game.
 C = Kills by friends in this place as a percentage of kills by friends in the entire game.
 D = Other kills in this place as a percentage of other kills in the entire game.
 E = Experience gained in this place as a percentage of experience gained in the entire game.
 F = Experience gained in this place divided by the number of levels of this place that you have seen.
                   A       B       C       D       E      F
               +-------+-------+-------+-------+-------+----------------------
         Total | 100.0 | 100.0 | 100.0 | 100.0 | 100.0 | 734.7
       Dungeon | 100.0 | 100.0 | 100.0 | 100.0 | 100.0 | 734.7
               +-------+-------+-------+-------+-------+----------------------
